 Dungeon Crawl Stone Soup version 0.21-a0-265-gb353147 (webtiles) character file.

11858 4thArraOfDagon the Severer (level 11, -6/77 HPs)
             Began as a Hill Orc Artificer on Sept 11, 2017.
             Was a Priest of Hepliaklqana.
             Shot with an arrow by a centaur (8 damage)
             ... on level 11 of the Dungeon.
             The game lasted 00:36:17 (6912 turns).

4thArraOfDagon the Severer (Hill Orc Artificer)     Turns: 6912, Time: 00:36:18

Health: -6/77      AC: 10    Str: 16    XL:     11   Next: 84%
Magic:  18/18      EV: 10    Int: 13    God:    Hepliaklqana [***...]
Gold:   322        SH:  0    Dex: 13    Spells: 10/10 levels left

rFire    . . .     SeeInvis .   q - +2 whip (elec)
rCold    . . .     Gourm    .   (no shield)
rNeg     . . .     Faith    .   p - +0 scale mail
rPois    +         Spirit   .   B - +0 helmet
rElec    .         Reflect  .   s - +2 cloak
rCorr    .         Harm     +   (no gloves)
MR       .....                  (no boots)
Stlth    ..........             F - amulet of harm
HPRegen  0.22/turn              O - -3 ring of intelligence (curse)
MPRegen  0.16/turn              (no ring)

@: no status effects
A: reduced essence, agile 1, clever 1, frail 1, mutation resistance 1, poison
resistance, wild magic 1
a: Recall Ancestor, Ancestor Identity, Transference, Renounce Religion


You were on level 11 of the Dungeon.
You worshipped Hepliaklqana.
Hepliaklqana was most pleased with you.
You were not hungry.

You visited 2 branches of the dungeon, and saw 12 of its levels.

You collected 322 gold pieces.

Inventory:

Hand Weapons
 a - a +0 short sword
 o - a +0 hand axe
 q - a +2 whip of electrocution (weapon)
 z - a +2 flail of holy wrath
 Q - a cursed +0 battleaxe
 S - a +1 hand axe of venom
Missiles
 T - 4 exploding tomahawks (quivered)
Armour
 b - a +0 leather armour
 h - a +0 scale mail
 i - a +1 cloak
 p - a +0 scale mail (worn)
 s - a +2 cloak (worn)
 v - the +1 robe "Enlium" {rC++ MR+++ Str-5 Stlth+}
   (You found it on level 6 of the Dungeon)

   It affects your strength (-5).
   It greatly protects you from cold.
   It affects your resistance to hostile enchantments.
   It makes you more stealthy.
 B - a +0 helmet (worn)
 R - a +0 plate armour
Jewellery
 F - an amulet of harm (around neck)
 O - a cursed -3 ring of intelligence (left hand)
Wands
 c - a wand of flame (0/48)
 d - a wand of enslavement (8/24)
 e - a wand of random effects (0/48)
 x - a wand of lightning (5/15)
 C - a wand of flame (21/48)
 D - a wand of confusion (0/48)
 E - a wand of acid (0/15)
 J - a wand of acid (0/15)
Scrolls
 g - a scroll of teleportation
 j - 2 scrolls of recharging {unknown}
 k - 2 scrolls of amnesia
 m - 6 scrolls of remove curse
 t - a scroll of noise {unknown}
 y - a scroll of blinking {unknown}
 G - a scroll of enchant armour
 M - a scroll of brand weapon {unknown}
 N - a scroll of fog {unknown}
 U - a scroll of immolation {unknown}
Potions
 l - a potion of invisibility {unknown}
 n - a potion of ambrosia {unknown}
 r - 2 potions of might {unknown}
 u - 2 potions of berserk rage {unknown}
 A - 5 potions of brilliance
 H - a potion of magic {unknown}
 I - 2 potions of flight {unknown}
 K - a potion of agility {unknown}
 L - 3 potions of curing
Comestibles
 f - 8 bread rations
 w - 2 meat rations


   Skills:
 - Level 9.0 Fighting
 - Level 1.0 Short Blades
 * Level 17.6 Axes
 - Level 3.0 Dodging
 - Level 0.7 Stealth
 - Level 10.0 Invocations
 - Level 3.0 Evocations


You had 10 spell levels left.
You didn't know any spells.

Dungeon Overview and Level Annotations

Branches:
Dungeon (11/15)            Temple (1/1) D:5            Lair (0/6) D:10
    Orc (0/2) D:10

Altars:
Ashenzari
Cheibriados
Dithmenos
Hepliaklqana
Kikubaaqudgha
Makhleb
Nemelex Xobeh
Okawaru
Qazlal
Ru
Vehumet
Xom
Yredelemnul
Zin
The Shining One

Annotations:
D:6 epen's ghost, novice BaTm
D:7 exclusion: statue
D:11 Gastronok


Innate Abilities, Weirdness & Mutations

Your life essence is reduced to manifest your ancestor. (-10% HP)
You are agile. (Dex +2)
Your mind is acute. (Int +2)
You are frail. (-10% HP)
You are somewhat resistant to further mutation.
Your system is resistant to poisons. (rPois)
Your spells are a little harder to cast, but a little more powerful.


Message History

Okay, then.
Unknown command.
An arrow appears from out of your range of vision.
The arrow completely misses Agathoclea.
The centaur warrior shoots an arrow.
The arrow hits you!
* * * LOW HITPOINT WARNING * * *
There is a stone staircase leading down, spattered with blood here.
You see here an arrow.
Unknown command.
Unknown command.
Unknown command.
Unknown command.
Unknown command.
Unknown command.
The centaur shoots an arrow.
The arrow hits Agathoclea.
The centaur warrior shoots an arrow.
The arrow hits you!
* * * LOW HITPOINT WARNING * * *
The centaur wields a shortbow.
The centaur shoots an arrow.
The arrow closely misses you.
The centaur shoots an arrow.
The arrow hits you!
You die...

#########†########>.....###
##.....##..............###
##.............c######.##
#................# #..#
#................######.#####
#.........................##.
#................######.#..#.
#................# #......
#..÷........@....# ###.#.#
##<..........(..## #.#..
##.....##...(.## #....
###########)#### ##...
#.....(((..###### #...
#....(.†)R.............
#...)....c.#######..##.
##.......c).# #..# #.
#..††##....### #..# #.


You could see the friendly Agathoclea the knight, a centaur warrior and 2
centaurs.

Vanquished Creatures
  2 two-headed ogres
  A centaur warrior (D:10)
  A wolf spider (D:9)
  2 trolls (D:10)
  3 meliai (D:10)
  A hippogriff (D:9)
  A spriggan (D:10)
  3 wyverns
  A wraith (D:11)
  A steam dragon (D:9)
  9 yaks
  3 sky beasts
  4 ice beasts
  2 orc warriors (D:10)
  3 ogres
  3 centaurs
  4 big kobolds
  5 bullfrogs
  3 scorpions
  16 killer bees
  2 wights (D:11)
  4 howler monkeys
  2 electric eels (D:8)
  A crimson imp (D:7)
  A quasit (D:9)
  A centaur zombie (D:7)
  2 orc priests (D:10)
  4 hounds
  4 orc wizards
  A centaur skeleton (D:6)
  A jelly (D:11)
  An iguana (D:8)
  Natasha (D:2)
  2 worker ants (D:4)
  Terence (D:2)
  A killer bee zombie (D:9)
  2 hound skeletons
  A howler monkey zombie (D:10)
  A gnoll (D:5)
  11 adders
  A shadow imp (D:6)
  An adder zombie (D:5)
  2 adder skeletons
  2 dart slugs
  A leopard gecko (D:1)
  20 orcs
  2 ball pythons
  5 bats
  5 giant cockroaches
  13 goblins
  10 hobgoblins
  5 jackals
  19 kobolds
  3 quokkas
  3 frilled lizards
  A giant cockroach zombie (D:5)
  2 quokka skeletons
  5 rats
212 creatures vanquished.

Vanquished Creatures (collateral kills)
  An unseen horror (D:10)
  Grinder (D:4)
  Sigmund (D:3)
  A yak (D:10)
  Menkaure (D:7)
  A phantom (D:4)
  2 centaurs
  2 big kobolds
  A bullfrog (D:7)
  2 scorpions
  5 killer bees
  A wight (D:11)
  2 howler monkeys
  A crimson imp (D:11)
  A jelly (D:10)
  A bullfrog skeleton (D:10)
  A worker ant (D:10)
  2 orc wizards
  A hound skeleton (D:6)
  Robin (D:2)
  2 gnolls (D:3)
  3 adders
  A shadow imp (D:8)
  An adder skeleton (D:4)
  2 leopard geckos
  5 orcs
  A bat (D:3)
  A giant cockroach (D:5)
  A hobgoblin (D:3)
  4 jackals
  5 kobolds
55 creatures vanquished.

Vanquished Creatures (others)
  3 knights
3 creatures vanquished.

Grand Total: 270 creatures vanquished

Notes
Turn   | Place    | Note
-------+----------+-------------------------------------------
     0 | D:1      | 4thArraOfDagon the Hill Orc Artificer began the quest for the Orb.
     0 | D:1      | Reached XP level 1. HP: 16/16 MP: 3/3
    59 | D:1      | Reached XP level 2. HP: 8/24 MP: 4/4
   292 | D:2      | Noticed Robin
   497 | D:1      | Reached XP level 3. HP: 15/30 MP: 5/5
   533 | D:2      | Reached skill level 1 in Axes
   645 | D:2      | Reached skill level 2 in Axes
   706 | D:2      | Found a sparkling altar of Nemelex Xobeh.
   706 | D:2      | Found a shadowy altar of Dithmenos.
   809 | D:3      | Reached skill level 3 in Axes
   809 | D:3      | Reached XP level 4. HP: 28/37 MP: 6/6
   918 | D:4      | Reached skill level 4 in Axes
  1008 | D:3      | Noticed an ogre
  1157 | D:5      | Entered Level 5 of the Dungeon
  1157 | D:5      | Found a staircase to the Ecumenical Temple.
  1162 | Temple   | Entered the Ecumenical Temple
  1229 | Temple   | Became a worshipper of Hepliaklqana the Forgotten
  1311 | D:6      | Noticed a bullfrog
  1318 | D:6      | Killed a bullfrog
  1318 | D:6      | Reached skill level 5 in Axes
  1318 | D:6      | Reached skill level 1 in Invocations
  1318 | D:6      | Reached XP level 5. HP: 10/37 MP: 7/7
  1398 | D:6      | Got a ripped robe
  1423 | D:6      | Identified the +1 robe "Enlium" {rC++ MR+++ Str-5 Stlth+} (You found it on level 6 of the Dungeon)
  1463 | D:6      | Noticed epen's ghost (novice BaTm)
  1465 | D:6      | Found a sacrificial altar of Ru.
  1611 | D:5      | Found a glowing golden altar of the Shining One.
  1805 | D:2      | Noticed Terence
  1816 | D:2      | Killed Terence
  1816 | D:2      | Reached XP level 6. HP: 45/45 MP: 8/8
  1888 | D:2      | Reached skill level 6 in Axes
  1927 | D:2      | Killed Robin
  2010 | D:3      | Noticed Sigmund
  2035 | D:3      | Killed Sigmund
  2035 | D:3      | Reached XP level 7. HP: 39/51 MP: 9/9
  2141 | D:3      | Reached skill level 7 in Axes
  2212 | D:2      | Noticed Natasha
  2222 | D:2      | Killed Natasha
  2427 | D:4      | Reached * piety under Hepliaklqana
  2507 | D:4      | Noticed Grinder
  2508 | D:4      | Paralysed by Grinder for 2 turns
  2524 | D:4      | Reached skill level 8 in Axes
  2534 | D:4      | Killed Grinder
  2534 | D:4      | Reached skill level 5 in Invocations
  2534 | D:4      | Reached XP level 8. HP: 33/60 MP: 10/12
  2689 | D:4      | Reached skill level 5 in Fighting
  2845 | D:5      | Found a shattered altar of Ashenzari.
  3040 | D:6      | Reached skill level 9 in Axes
  3370 | D:7      | Reached skill level 10 in Axes
  3432 | D:7      | Found a radiant altar of Vehumet.
  3509 | D:7      | Reached ** piety under Hepliaklqana
  3515 | D:7      | Remembered your ancestor Agathoclea as a knight
  3615 | D:7      | Reached XP level 9. HP: 67/67 MP: 14/14
  3752 | D:8      | Reached skill level 11 in Axes
  4195 | D:7      | Noticed Menkaure
  4204 | D:7      | Killed Menkaure
  4407 | D:8      | Noticed a two-headed ogre
  4540 | D:10     | Entered Level 10 of the Dungeon
  4563 | D:10     | Reached skill level 12 in Axes
  4635 | D:10     | Reached XP level 10. HP: 51/79 MP: 16/16
  4744 | D:9      | Noticed a wolf spider
  4756 | D:9      | Killed a wolf spider
  4756 | D:9      | Reached skill level 13 in Axes
  5270 | D:9      | Noticed a two-headed ogre
  5282 | D:9      | Killed a two-headed ogre
  5321 | D:9      | Reached *** piety under Hepliaklqana
  5406 | D:9      | Gained mutation: You are frail. (-10% HP) [mutagenic meat]
  5407 | D:9      | Gained mutation: Your spells are a little harder to cast, but a little more powerful. [mutagenic meat]
  5408 | D:9      | Gained mutation: You are agile. (Dex +2) [mutagenic meat]
  5409 | D:9      | Gained mutation: Your system is resistant to poisons. (rPois) [mutagenic meat]
  5410 | D:9      | Gained mutation: You are somewhat resistant to further mutation. [mutagenic meat]
  5508 | D:10     | Reached skill level 10 in Invocations
  5626 | D:10     | Found a staircase to the Lair.
  5642 | D:10     | Reached skill level 14 in Axes
  5710 | D:10     | Reached XP level 11. HP: 70/77 MP: 18/18
  5763 | D:10     | Reached skill level 15 in Axes
  5776 | D:10     | Noticed a two-headed ogre
  5789 | D:10     | Killed a two-headed ogre
  5811 | D:10     | Noticed a centaur warrior
  5824 | D:10     | Killed a centaur warrior
  5963 | D:10     | Reached skill level 16 in Axes
  6334 | D:10     | Killed an unseen horror
  6484 | D:10     | Found a staircase to the Orcish Mines.
  6546 | D:11     | Found a basalt altar of Yredelemnul.
  6551 | D:11     | Reached skill level 17 in Axes
  6665 | D:11     | Gained mutation: Your mind is acute. (Int +2) [mutagenic meat]
  6873 | D:11     | Noticed Gastronok
  6909 | D:11     | Noticed a centaur warrior
  6912 | D:11     | HP: 2/77 [centaur warrior/arrow (9)]
  6912 | D:11     | Shot with an arrow by a centaur

Vault maps used:
D:1:      dpeg_arrival_long_road
D:2:      gammafunk_temple_overflow_elements, uniq_terence, uniq_natasha,
          uniq_robin
D:3:      uniq_sigmund
D:4:      first_bread, fountainhead, uniq_grinder
D:5:      lemuel_round_altar, trog_eyes_of_draining, old_standard_altar,
          minmay_temple_entry_crystal_x, kennysheep_decorative_pillar
D:6:      overflow_temple_1_default
D:7:      vehumet_statue, uniq_menkaure
D:8:      serial_bayou, serial_bayou_pond_c, serial_bayou_shore_a,
          serial_bayou_pond_d, serial_bayou_pond_a
D:10:     lair_entry_dummy, david_orc_2, the_bakery, grunt_ministairs_11
D:11:     nicolae_trove_entry_path_of_doom, basic_altar, uniq_gastronok,
          uniq_harold
Temple:   regret_index_temple_generic_petals

Skill      XL: |  1  2  3  4  5  6  7  8  9 10 11 |
---------------+----------------------------------+-----
Fighting       | 2 3 4 6 7 9 |  9.0
Dodging        | 2 3 |  3.0
Axes           | 3 5 6 8 10 12 14 17 | 17.6
Invocations    | 1 2 3 5 6 8 10 | 10.0
Short Blades   | |  1.0
Stealth        | |  0.7
Evocations     | |  3.0

Action                   |  1- 3 |  4- 6 |  7- 9 | 10-12 || total
-------------------------+-------+-------+-------+-------++-------
Melee: Short sword       |   152 |    17 |       |       ||   169
       Hand axe          |       |    37 |       |   110 ||   147
       Flail             |       |    61 |    72 |    29 ||   162
       Whip              |       |       |   194 |   191 ||   385
Throw: Stone             |     1 |       |       |       ||     1
Invok: Recall Ancestor   |       |     2 |     1 |       ||     3
       Ancestor Life: Kn |       |       |     1 |       ||     1
Evoke: Wand              |    13 |    20 |    10 |    19 ||    62
  Use: Scroll            |       |     1 |     3 |     4 ||     8
       Potion            |       |     1 |     3 |     3 ||     7
 Stab: Distracted        |       |     1 |     1 |     5 ||     7
       Confused          |       |       |       |     1 ||     1
  Eat: Chunk             |       |     4 |     3 |    18 ||    25
       Royal jelly       |       |       |     2 |       ||     2
       Bread ration      |       |       |     1 |       ||     1
       Fruit             |       |       |       |     4 ||     4
Armor: Leather armour    |     4 |       |       |       ||     4
       Scale mail        |    69 |    54 |   118 |   119 ||   360
Dodge: Dodged            |    83 |    61 |   134 |   126 ||   404

Table legend:
 A = Spawn XP
 B = Non-spawn XP
 C = Spawn XP percentage of total XP
 D = Spawn monster count
 E = Non-spawn monster count
 F = Spawn count percentage of total count
 G = Total turns spent on level
                    A         B        C        D         E        F      G
               +---------+---------+-------+---------+---------+-------+---------
         Total |       0 |   16940 |   0.0 |       0 |     267 |   0.0 |  6912
               +---------+---------+-------+---------+---------+-------+---------
           D:1 |       0 |      31 |   0.0 |       0 |      18 |   0.0 |   448
           D:2 |       0 |     171 |   0.0 |       0 |      31 |   0.0 |   570
           D:3 |       0 |     404 |   0.0 |       0 |      22 |   0.0 |   654
           D:4 |       0 |     758 |   0.0 |       0 |      16 |   0.0 |   599
           D:5 |       0 |      24 |   0.0 |       0 |       5 |   0.0 |   410
           D:6 |       0 |     311 |   0.0 |       0 |       8 |   0.0 |   427
           D:7 |       0 |    1057 |   0.0 |       0 |      25 |   0.0 |   608
           D:8 |       0 |    1196 |   0.0 |       0 |      22 |   0.0 |   599
           D:9 |       0 |    3100 |   0.0 |       0 |      28 |   0.0 |   920
          D:10 |       0 |    7307 |   0.0 |       0 |      60 |   0.0 |  1135
          D:11 |       0 |    2581 |   0.0 |       0 |      32 |   0.0 |   436
               +---------+---------+-------+---------+---------+-------+---------
